cohdb
Replays
Latest Replays
All Replays
Popular Replays
Top Player Replays
Match Explorer
How It Works
Community
CoH3 Stats
Reddit
Sign in to upload your games and track your stats! →
Sign in with Steam
Match 45503185
Unlisted
Match 45503185
Overview
Messages
Build Orders
End
Kradschützen Motorcycle Team
Panzergrenadier Squad
250 Light Carrier
Panzergrenadier Squad
Construct Light Support Kompanie
Combat Half-tracks
Fire Support Elements
Veteran Squad Leaders
Flakvierling Half-track
Panzerjäger Mechanized Group
Vehicle Survival Package
2.5-tonne Medical Truck
Panzergrenadier Squad
Selects Armored Support Battlegroup
Selects Veteran Gunners
Construct Panzerarmee Kommand
Emergency Repair Kits
Selects Flammpanzer III Medium Tank
Panzer III L Medium Tank
Tungsten Core Ammunition
Walking Stuka Rocket Launcher
Pak 38 Mechanized Group
Kanade
Azazil
SOJE
ZoroArk.Choi
0
0
Comments
sign in to comment!
No comments posted yet!